 Dungeon Crawl Stone Soup version 0.29.0-10-g45618ea6d2 (webtiles) character file.

Game seed: 13588222259609088373

22 sanka the Scratcher (level 2, -1/14 HPs)
             Began as a Felid Abyssal Knight on Sept 1, 2022.
             Was a Believer of Lugonu.
             Slain by an adder (4 damage)
             ... on level 2 of the Dungeon.
             The game lasted 00:01:34 (1104 turns).

sanka the Scratcher (Felid Abyssal Knight)          Turns: 1104, Time: 00:01:35

Health: -1/14      AC:  1    Str:  9    XL:     2   Next: 68%
Magic:  4/4        EV: 18    Int: 11    God:    Lugonu [**....]
Gold:   31         SH:  0    Dex: 16    Spells: 1/1 levels left
                                        Lives:  0   Deaths: 0

rFire   . . .      SeeInvis +     - Unarmed
rCold   . . .      Faith    .   (shield unavailable)
rNeg    . . .      Spirit   .   (body armour unavailable)
rPois   .          Reflect  .   (helmet unavailable)
rElec   .          Harm     .   (cloak unavailable)
rCorr   .          Rampage  .   (gloves unavailable)
Will    .....                   (boots unavailable)
Stlth   +.........              (no amulet)
HPRegen 0.04/turn               (no ring)
MPRegen 0.09/turn               (no ring)

@: lethally poisoned (-1 -> -6), quick
A: very small, claws 1, fangs 3, see invisible, speed 1, shaggy fur 1, stealthy
paws, no weapons or thrown items, no armour, multi-lived
a: Renounce Religion, Depart the Abyss, Bend Space


You were on level 2 of the Dungeon.
You worshipped Lugonu.
Lugonu was pleased with you.
You visited 1 branch of the dungeon, and saw 2 of its levels.
You visited the Abyss 1 time.

You collected 31 gold pieces.


Innate Abilities, Weirdness & Mutations

You have sharp claws.
You have razor-sharp teeth.
You have supernaturally acute eyesight. (SInv)
You cover ground quickly. (Speed+)
You are covered in fur. (AC +1)
Your paws help you pounce on unaware monsters.
You are incapable of wielding weapons or throwing items.
You cannot wear armour.
You gain extra lives every three experience levels.


   Skills:
 - Level 3.0 Fighting
 - Level 3.2 Dodging
 + Level 3.3 Unarmed Combat
 - Level 1.7 Invocations


You had one spell level left.
You didn't know any spells.
Your spell library contained the following spells:

 Spells                   Type           Power      Damage    Failure   Level
 Magic Dart               Conj           0%         1d3       34%         1
 Call Imp                 Summ           0%         N/A       47%         2
 Mephitic Cloud           Conj/Pois/Air  0%         N/A       71%         3

Inventory:

Scrolls
 a - a scroll of vulnerability {unknown}
 b - 2 scrolls of teleportation {unknown}
Potions
 c - 2 potions of heal wounds {unknown}

Dungeon Overview and Level Annotations

Branches:
Dungeon (2/15)

Altars:

▒.......▒ ▒▒▒▒▒▒▒ ▒.▒▒▒▒▒.▒
▒▒.....▒▒▒▒▒▒.▒▒▒▒▒.▒ ▒▒▒▒▒▒▒▒
.................▒▒.▒ ▒......▒
.▒.▒▒▒.▒..▒▒▒.▒▒.▒▒.▒ ▒.▒▒▒▒.▒
.▒.▒▒▒.▒...▒▒.▒...▒.▒▒▒▒▒.▒▒▒▒.▒
.▒.▒.......▒▒...............▒▒.▒
.▒.▒.▒.▒...▒▒....S..▒▒▒▒▒......▒
......†..▒▒▒▒▒▒▒h▒▒▒▒ ▒▒▒.▒▒▒▒
▒▒...▒.▒▒▒ ▒.▒ ▒..▒ ▒.....▒ ▒.▒
▒.▒▒ ▒▒ ▒▒.▒▒▒▒ ▒▒+▒▒ ▒.▒ ▒. ▒.▒
▒▒...▒▒ ▒.▒ ▒. ▒.▒▒▒▒ ▒▒.....▒▒
▒.▒ ▒▒▒. ▒.▒▒.▒▒ ▒▒.......▒▒
▒▒.▒▒▒...
▒.▒...▒▒▒▒.........▒▒▒▒[...▒.▒.
▒▒........'....<....+...........


You could see an adder.


Message History

The endoplasm is almost dead.
The endoplasm closely misses you.
You scratch the endoplasm.
You kill the endoplasm!
Lugonu accepts your kill. The adder attacks as you move away!
The adder closely misses you. The adder attacks as you move away!
The adder barely misses you.
You closely miss the adder. The adder bites you.
You are poisoned.
The adder poisons you!
You closely miss the adder.
You feel sick. The adder closely misses you.
Unknown command.
You scratch the adder.
The adder is moderately wounded.
You feel sick. The adder bites you.
* * * LOW HITPOINT WARNING * * *
You are lethally poisoned!
The adder poisons you!
You scratch the adder.
The adder is moderately wounded.
* * * LOW HITPOINT WARNING * * *
You feel sick. The adder bites you.
You die...

Action                   || total
-------------------------++-------
Melee: Unarmed           ||    42
       Bite              ||     1
 Stab: Sleeping          ||     4
Armor: Skin              ||     5
Dodge: Dodged            ||    27

Levels and vault maps discovered:
D:1:      roderic_dead_forest, layout_loops_ring, st_stairs_3
D:2:      layout_loops_corners, ebering_ecumenical_altar_abandoned,
          minmay_misc_feat_secret_circle

Notes
Turn   | Place    | Note
-------+----------+-------------------------------------------
     0 | Abyss:1  | sanka the Felid Abyssal Knight began the quest for the Orb.
     0 | Abyss:1  | Reached XP level 1. HP: 10/10 MP: 3/3
     7 | D:1      | Escaped the Abyss
   168 | D:1      | Reached XP level 2. HP: 14/14 MP: 4/4
   361 | D:1      | Reached skill level 3 in Unarmed Combat
  1104 | D:2      | Slain by an adder

Vanquished Creatures
  A ball python (D:1)
  4 bats
  2 endoplasms
  A giant cockroach (D:1)
  4 goblins (D:1)
  2 hobgoblins (D:1)
  3 frilled lizards (D:1)
  A kobold (D:1)
  2 rats (D:1)
20 creatures vanquished.
